APP
BLUEFIELD BLUE JAYS @ BALTIMORE (APP) ORIOLES
09/11/2045
 
TOP OF THE 1ST
Bluefield Blue Jays batting - Pitching for Baltimore (APP) Orioles : RHP Fabiano Ceriani
Pitching: RHP Fabiano Ceriani
Batting: RHB Tokuji Kawabata 0-0: Ball
1-0: Ball
2-0: Called Strike
2-1: SINGLE (Groundball, 34D, EV 97.5 MPH)
Batting: RHB Frank Caulfield 0-0: Ball
Tokuji Kawabata steals 2nd base
1-0: Ball
2-0: Ball
3-0: Base on Balls
Batting: RHB Taylor Peavey 0-0: Ball
1-0: Fly out, F9 (Flyball, 9, EV 88.8 MPH)
Batting: LHB Frank Nelson 0-0: Called Strike
Tokuji Kawabata steals 3rd, throwing error, E2
Tokuji Kawabata scores
Frank Caulfield to third
0-1: Ball
1-1: Swinging Strike
1-2: Strikes out swinging
Batting: RHB Chris Martin 0-0: Swinging Strike
0-1: Fly out, F7 (Line Drive, 7, EV 90.0 MPH)
Top of the 1st over - 1 run, 1 hit, 1 error, 1 left on base; Bluefield 1 - Baltimore (APP) 0
BOTTOM OF THE 1ST
Baltimore (APP) Orioles batting - Pitching for Bluefield Blue Jays : RHP Eric Bessire
Pitching: RHP Eric Bessire
Batting: LHB Ralph Braine 0-0: Called Strike
0-1: DOUBLE (Flyball, 8LXD, EV 110.6 MPH)
Batting: RHB Tony Godley 0-0: Ball
1-0: Foul Ball, location: 2F
1-1: Swinging Strike
1-2: Ball
2-2: Ball
3-2: Base on Balls
Batting: RHB Danny Baeza 0-0: Ball
1-0: Called Strike
1-1: Ball
2-1: Called Strike
2-2: Ball
3-2: Foul Ball, location: 2F
3-2: Foul Ball, location: 2F
3-2: Fielders Choice at 2nd, 3-6 (Groundball, 34, EV 86.2 MPH)
Ralph Braine to third
Batting: RHB Mike Zepeda 0-0: Ball
1-0: Foul Ball, location: 2F
1-1: Called Strike
1-2: Ball
Wild Pitch!
Ralph Braine scores
Danny Baeza to second
2-2: Ball
3-2: Foul Ball, location: 2F
3-2: 2-RUN HOME RUN (Flyball, 9D, EV 97.5 MPH), Distance : 400 ft
Batting: LHB Tomas de Zeeuw 0-0: Called Strike
0-1: Foul Ball, location: 2F
0-2: Ground out 5-3 (Groundball, 56S, EV 68.1 MPH)
Batting: RHB Matt O'Dea 0-0: Fly out, F3 (Popup, 3SF, EV 65.0 MPH)
Bottom of the 1st over - 3 runs, 2 hits, 0 errors, 0 left on base; Bluefield 1 - Baltimore (APP) 3
TOP OF THE 2ND
Bluefield Blue Jays batting - Pitching for Baltimore (APP) Orioles : RHP Fabiano Ceriani
Batting: RHB Jose Ontiveros 0-0: Swinging Strike
0-1: Ball
1-1: Foul Ball, location: 2F
1-2: Strikes out swinging
Batting: RHB Brock Van Gilder 0-0: Ball
1-0: Called Strike
1-1: Ground out 5-3 (Groundball, 5, EV 96.2 MPH)
Batting: RHB Mike Johnson 0-0: Ball
1-0: Ball
2-0: Foul Ball, location: 2F
2-1: Ground out 5-3 (Groundball, 56, EV 92.5 MPH)
Top of the 2nd over - 0 runs, 0 hits, 0 errors, 0 left on base; Bluefield 1 - Baltimore (APP) 3
BOTTOM OF THE 2ND
Baltimore (APP) Orioles batting - Pitching for Bluefield Blue Jays : RHP Eric Bessire
Batting: RHB Ismael Macedo 0-0: Called Strike
0-1: Ball
1-1: DOUBLE (Flyball, 8RXD, EV 102.5 MPH)
Batting: RHB Luis Tovar 0-0: Ball
Wild Pitch!
Ismael Macedo to third
1-0: Called Strike
1-1: Called Strike
1-2: Strikes out swinging
Batting: RHB Danny Ayala 0-0: Ball
1-0: Foul Ball, location: 2F
1-1: Ball
2-1: Called Strike
2-2: Foul Ball, location: 2F
2-2: Strikes out swinging
Batting: LHB Ralph Braine 0-0: Ball
1-0: Called Strike
1-1: Ground out 4-3 (Groundball, 4, EV 91.9 MPH)
Bottom of the 2nd over - 0 runs, 1 hit, 0 errors, 1 left on base; Bluefield 1 - Baltimore (APP) 3
TOP OF THE 3RD
Bluefield Blue Jays batting - Pitching for Baltimore (APP) Orioles : RHP Fabiano Ceriani
Batting: RHB Bobby Lasaguna 0-0: Ball
1-0: Ball
2-0: Foul Ball, location: 2F
2-1: TRIPLE (Groundball, 3L, EV 108.8 MPH)
Batting: RHB Tokuji Kawabata 0-0: Ball
1-0: Swinging Strike
1-1: Ball
2-1: Fly out, F9 (Flyball, 9, EV 83.1 MPH)
Batting: RHB Frank Caulfield 0-0: Called Strike
0-1: Foul Ball, location: 2F
0-2: Strikes out swinging
Batting: RHB Taylor Peavey 0-0: Ball
1-0: Called Strike
1-1: Ball
2-1: Foul Ball, location: 2F
2-2: Foul Ball, location: 2F
2-2: Foul Ball, location: 2F
2-2: Foul Ball, location: 2F
2-2: Ball
3-2: Base on Balls
Batting: LHB Frank Nelson 0-0: Ball
1-0: Foul Ball, location: 2F
1-1: Foul Ball, location: 2F
1-2: Strikes out swinging
Top of the 3rd over - 0 runs, 1 hit, 0 errors, 2 left on base; Bluefield 1 - Baltimore (APP) 3
BOTTOM OF THE 3RD
Baltimore (APP) Orioles batting - Pitching for Bluefield Blue Jays : RHP Eric Bessire
Batting: RHB Tony Godley 0-0: Ball
1-0: Called Strike
1-1: Ball
2-1: DOUBLE (Line Drive, 9LM, EV 99.4 MPH)
Batting: RHB Danny Baeza 0-0: Called Strike
0-1: Foul Ball, location: 2F
0-2: Ball
1-2: Ball
2-2: Strikes out swinging
Batting: RHB Mike Zepeda 0-0: Ball
1-0: Foul Ball, location: 2F
1-1: Foul Ball, location: 2F
1-2: Ball
2-2: Strikes out swinging
Batting: LHB Tomas de Zeeuw 0-0: Swinging Strike
0-1: Foul Ball, location: 2F
0-2: Ground out 4-3 (Groundball, 4, EV 97.5 MPH)
Bottom of the 3rd over - 0 runs, 1 hit, 0 errors, 1 left on base; Bluefield 1 - Baltimore (APP) 3
TOP OF THE 4TH
Bluefield Blue Jays batting - Pitching for Baltimore (APP) Orioles : RHP Fabiano Ceriani
Batting: RHB Chris Martin 0-0: Called Strike
0-1: Fly out, F9 (Line Drive, 89M, EV 88.8 MPH)
Batting: RHB Jose Ontiveros 0-0: Swinging Strike
0-1: Ball
1-1: Ground out 5-3 (Groundball, 56S, EV 71.9 MPH)
Batting: RHB Brock Van Gilder 0-0: Ball
1-0: Called Strike
1-1: Foul Ball, location: 2F
1-2: Foul Ball, location: 2F
1-2: Foul Ball, location: 2F
1-2: SINGLE (Line Drive, 9S, EV 97.5 MPH)
Batting: RHB Mike Johnson 0-0: Ball
Brock Van Gilder is caught stealing 2nd base 2-4
Top of the 4th over - 0 runs, 1 hit, 0 errors, 0 left on base; Bluefield 1 - Baltimore (APP) 3
BOTTOM OF THE 4TH
Baltimore (APP) Orioles batting - Pitching for Bluefield Blue Jays : RHP Eric Bessire
Batting: RHB Matt O'Dea 0-0: Ball
1-0: Ball
2-0: Ball
3-0: Base on Balls
Batting: RHB Ismael Macedo 0-0: Called Strike
0-1: Ball
1-1: Ball
2-1: Called Strike
2-2: SINGLE (Groundball, 6S, EV 68.1 MPH) (infield hit)
Matt O'Dea to second
Batting: RHB Luis Tovar 0-0: Foul Ball, location: 2F
0-1: Foul Ball, location: 2F
0-2: Fielders Choice at 2nd, 4-6 (Groundball, 13, EV 91.9 MPH)
Matt O'Dea to third
Batting: RHB Danny Ayala 0-0: Ball
1-0: Called Strike
1-1: Ball
2-1: Ball
3-1: Fly out, F9 (Flyball, 9LM, EV 74.4 MPH)
Runner from 3rd tags up, SCORES, throw by RF
Batting: LHB Ralph Braine 0-0: Reached on error, E6 (Groundball, P, EV 80.0 MPH)
Luis Tovar to second
Batting: RHB Tony Godley 0-0: Called Strike
0-1: SINGLE (Groundball, 6M, EV 108.8 MPH) (infield hit)
Luis Tovar to third
Ralph Braine to second
Batting: RHB Danny Baeza 0-0: Called Strike
0-1: Swinging Strike
0-2: Ball
1-2: Ball
2-2: Ball
3-2: Base on Balls
Luis Tovar scores
Ralph Braine to third
Tony Godley to second
Pitching: LHP Nick Burnstein
Batting: RHB Mike Zepeda 0-0: Called Strike
0-1: Foul Ball, location: 2F
0-2: Ball
1-2: Ball
2-2: Foul Ball, location: 2F
2-2: Fly out, F8 (Flyball, 8LS, EV 90.6 MPH)
Bottom of the 4th over - 2 runs, 2 hits, 1 error, 3 left on base; Bluefield 1 - Baltimore (APP) 5
TOP OF THE 5TH
Bluefield Blue Jays batting - Pitching for Baltimore (APP) Orioles : RHP Fabiano Ceriani
Batting: RHB Mike Johnson 0-0: Ball
1-0: Ball
2-0: Ground out 5-3 (Groundball, 56, EV 106.2 MPH)
Batting: RHB Bobby Lasaguna 0-0: Ball
1-0: Ball
2-0: Ball
3-0: Called Strike
3-1: Base on Balls
Batting: RHB Tokuji Kawabata 0-0: Called Strike
Bobby Lasaguna steals 2nd base
0-1: Foul Ball, location: 2F
0-2: Ball
1-2: Foul Ball, location: 2F
1-2: Ball
2-2: Fly out, F9 (Flyball, 9S, EV 80.0 MPH)
Batting: RHB Frank Caulfield 0-0: Called Strike
0-1: Ball
1-1: Fly out, F7 (Flyball, 78M, EV 78.8 MPH)
Top of the 5th over - 0 runs, 0 hits, 0 errors, 1 left on base; Bluefield 1 - Baltimore (APP) 5
BOTTOM OF THE 5TH
Baltimore (APP) Orioles batting - Pitching for Bluefield Blue Jays : LHP Nick Burnstein
Batting: LHB Tomas de Zeeuw 0-0: Called Strike
0-1: Fly out, F8 (Flyball, 78XD, EV 101.9 MPH)
Batting: RHB Matt O'Dea 0-0: Ball
1-0: Called Strike
1-1: Ball
2-1: Ground out 6-3 (Groundball, 6, EV 83.1 MPH)
Batting: RHB Ismael Macedo 0-0: Called Strike
0-1: Swinging Strike
0-2: Ball
1-2: Strikes out swinging
Bottom of the 5th over - 0 runs, 0 hits, 0 errors, 0 left on base; Bluefield 1 - Baltimore (APP) 5
TOP OF THE 6TH
Bluefield Blue Jays batting - Pitching for Baltimore (APP) Orioles : RHP Fabiano Ceriani
Pitching: RHP Tim Bemish
Batting: RHB Taylor Peavey 0-0: Ball
1-0: Ball
2-0: Foul Ball, location: 2F
2-1: Ball
3-1: Foul Ball, location: 2F
3-2: Foul Ball, location: 2F
3-2: SINGLE (Line Drive, 6MD, EV 106.2 MPH)
Batting: LHB Frank Nelson 0-0: Called Strike
0-1: Foul Ball, location: 2F
0-2: Ball
1-2: Fielders Choice at 2nd, 3-6 (Groundball, 3, EV 83.8 MPH)
Batting: RHB Chris Martin 0-0: Ball
1-0: Ball
2-0: Ball
3-0: Base on Balls
Frank Nelson to second
Pinch Hitting: LHB Devin Huber 0-0: Ball
1-0: Foul Ball, location: 2F
1-1: Called Strike
1-2: Foul Ball, location: 2F
1-2: Ball
2-2: SINGLE (Line Drive, 8RS, EV 92.5 MPH)
Frank Nelson to third
Chris Martin to second
Runner from 3rd tries for Home, SAFE, throw by CF to home
Pinch Hitting: LHB Lothar Middelkoop 0-0: Ball
1-0: Foul Ball, location: 2F
1-1: Called Strike
Chris Martin steals 3rd base
Devin Huber to second
1-2: Strikes out swinging
Pinch Hitting: LHB Roger Escareno 0-0: Ball
1-0: Called Strike
1-1: Fly out, F4 (Line Drive, 4, EV 69.4 MPH)
Top of the 6th over - 1 run, 2 hits, 0 errors, 2 left on base; Bluefield 2 - Baltimore (APP) 5
BOTTOM OF THE 6TH
Baltimore (APP) Orioles batting - Pitching for Bluefield Blue Jays : LHP Nick Burnstein
Now at 2B: Frank Caulfield
Now at 3B: Roger Escareno
Now in LF: Devin Huber
Now in CF: Frank Nelson
Now in RF: Chaim Huting
Batting: RHB Luis Tovar 0-0: Called Strike
0-1: Ball
1-1: Called Strike
1-2: Foul Ball, location: 2F
1-2: Foul Ball, location: 2F
1-2: Fly out, F8 (Flyball, 8LD, EV 98.8 MPH)
Batting: RHB Danny Ayala 0-0: Foul Ball, location: 2F
0-1: Ball
1-1: Ball
2-1: Ball
3-1: Fly out, F9 (Flyball, 89S, EV 88.8 MPH)
Batting: LHB Ralph Braine 0-0: Ball
1-0: Swinging Strike
1-1: Ball
2-1: Ball
3-1: Base on Balls
Batting: RHB Tony Godley 0-0: Called Strike
0-1: Ball
Ralph Braine steals 2nd base
1-1: Ball
2-1: Ball
3-1: Called Strike
3-2: Strikes out looking
Bottom of the 6th over - 0 runs, 0 hits, 0 errors, 1 left on base; Bluefield 2 - Baltimore (APP) 5
TOP OF THE 7TH
Bluefield Blue Jays batting - Pitching for Baltimore (APP) Orioles : RHP Tim Bemish
Pitching: RHP Oscar Chacon
Batting: RHB Bobby Lasaguna 0-0: Fly out, F8 (Line Drive, 8RM, EV 90.0 MPH)
Batting: RHB Tokuji Kawabata 0-0: Ball
1-0: DOUBLE (Line Drive, 89M, EV 110.0 MPH)
Batting: RHB Frank Caulfield 0-0: Ball
1-0: Called Strike
1-1: Ball
2-1: Swinging Strike
2-2: Ball
3-2: Strikes out swinging
Batting: RHB Taylor Peavey 0-0: SINGLE (Groundball, P, EV 90.0 MPH) (infield hit)
Tokuji Kawabata to third
Batting: LHB Frank Nelson 0-0: Called Strike
0-1: Fly out, F8 (Line Drive, 8LM, EV 100.0 MPH)
Top of the 7th over - 0 runs, 2 hits, 0 errors, 2 left on base; Bluefield 2 - Baltimore (APP) 5
BOTTOM OF THE 7TH
Baltimore (APP) Orioles batting - Pitching for Bluefield Blue Jays : LHP Nick Burnstein
Pitching: RHP Joe Spencer
Batting: RHB Danny Baeza 0-0: Called Strike
0-1: Ball
1-1: Called Strike
1-2: SINGLE (Flyball, 89S, EV 91.2 MPH)
Batting: RHB Mike Zepeda 0-0: Hit by Pitch
Danny Baeza to second
Batting: LHB Tomas de Zeeuw 0-0: Foul Ball, location: 2F
0-1: SINGLE (Groundball, 6S, EV 68.1 MPH) (infield hit)
Danny Baeza to third
Mike Zepeda to second
Batting: RHB Matt O'Dea 0-0: Ball
1-0: Swinging Strike
1-1: Called Strike
1-2: Ball
2-2: Foul Ball, location: 2F
2-2: Ball
3-2: Strikes out swinging
Batting: RHB Ismael Macedo 0-0: Called Strike
0-1: Foul Ball, location: 2F
0-2: Ball
1-2: Foul Ball, location: 2F
1-2: Ball
2-2: DOUBLE (Line Drive, 5D, EV 95.6 MPH)
Danny Baeza scores
Mike Zepeda scores
Tomas de Zeeuw to third
Runner from 3rd tries for Home, throw by LF and OUT! 7-6-2
Batting: RHB Luis Tovar 0-0: Ball
1-0: Foul Ball, location: 2F
1-1: Fly out, F7 (Flyball, 7, EV 82.5 MPH)
Bottom of the 7th over - 2 runs, 3 hits, 0 errors, 1 left on base; Bluefield 2 - Baltimore (APP) 7
TOP OF THE 8TH
Bluefield Blue Jays batting - Pitching for Baltimore (APP) Orioles : RHP Oscar Chacon
Batting: RHB Chris Martin 0-0: Ball
1-0: Ball
2-0: Fly out, F8 (Flyball, 8RXD, EV 105.6 MPH)
Batting: LHB Devin Huber 0-0: SINGLE (Groundball, 3S, EV 66.9 MPH) (infield hit)
Batting: LHB Chaim Huting 0-0: Ball
1-0: Called Strike
1-1: Swinging Strike
1-2: Foul Ball, location: 2F
1-2: Strikes out swinging
Batting: LHB Roger Escareno 0-0: Ball
1-0: Ball
2-0: Called Strike
2-1: Foul Ball, location: 2F
2-2: Fly out, F8 (Flyball, 8LS, EV 93.1 MPH)
Top of the 8th over - 0 runs, 1 hit, 0 errors, 1 left on base; Bluefield 2 - Baltimore (APP) 7
BOTTOM OF THE 8TH
Baltimore (APP) Orioles batting - Pitching for Bluefield Blue Jays : RHP Joe Spencer
Batting: RHB Danny Ayala 0-0: Ball
1-0: Swinging Strike
1-1: Ground out 5-3 (Groundball, 56S, EV 70.0 MPH)
Batting: LHB Ralph Braine 0-0: Called Strike
0-1: Called Strike
0-2: Ball
1-2: SINGLE (Groundball, 3S, EV 71.2 MPH) (infield hit)
Batting: RHB Tony Godley 0-0: Ground out 5-3 (Groundball, 56S, EV 67.5 MPH)
Ralph Braine to second
Pitching: RHP Mike Merriman
Batting: RHB Danny Baeza 0-0: Called Strike
0-1: Called Strike
0-2: Ball
1-2: Foul Ball, location: 2F
1-2: Fly out, F8 (Flyball, 89M, EV 83.1 MPH)
Bottom of the 8th over - 0 runs, 1 hit, 0 errors, 1 left on base; Bluefield 2 - Baltimore (APP) 7
TOP OF THE 9TH
Bluefield Blue Jays batting - Pitching for Baltimore (APP) Orioles : RHP Oscar Chacon
Batting: RHB Bobby Lasaguna 0-0: Ball
1-0: Ball
2-0: Foul Ball, location: 2F
2-1: Foul Ball, location: 2F
2-2: Ball
3-2: Base on Balls
Batting: RHB Tokuji Kawabata 0-0: Called Strike
0-1: Foul Ball, location: 2F
0-2: Ball
1-2: Strikes out looking
Batting: RHB Frank Caulfield 0-0: Ball
1-0: Called Strike
1-1: DOUBLE (Line Drive, 7LS, EV 99.4 MPH)
Bobby Lasaguna to third
Pitching: LHP Roger Farley
Batting: RHB Taylor Peavey 0-0: Ball
1-0: Fly out, F9 (Flyball, 89S, EV 81.9 MPH)
Pinch Hitting: RHB John Hering 0-0: Called Strike
0-1: Ball
1-1: Ball
2-1: Foul Ball, location: 2F
2-2: Foul Ball, location: 2F
2-2: Reached on error, E1 (Groundball, 25, EV 66.9 MPH)
Bobby Lasaguna scores
Frank Caulfield to third
Pitching: LHP Randall Rennie
Batting: RHB Chris Martin 0-0: Ball
1-0: Swinging Strike
1-1: Swinging Strike
1-2: Strikes out swinging
Top of the 9th over - 1 run, 1 hit, 1 error, 2 left on base; Bluefield 3 - Baltimore (APP) 7
Wednesday, June 22nd , 2022 - OOTP Baseball 23.4 Build 64